 Dungeon Crawl Stone Soup version 0.30.1-11-g7821555f0a (webtiles) character file.

Game seed: 2801726001900259799

69 mangeymoose the Trooper (level 4, -7/45 HPs)
             Began as a Troll Berserker on Dec 5, 2023.
             Was a Believer of Trog.
             Mangled by a gnoll
             ... wielding a +0 halberd
              (14 damage)
             ... on level 3 of the Dungeon.
             The game lasted 00:18:35 (1496 turns).

mangeymoose the Trooper (Troll Berserker)           Turns: 1496, Time: 00:18:36

Health: -7/45      AC:  4    Str: 33    XL:     4   Next: 2%
Magic:  3/3        EV:  5    Int:  3    God:    Trog [**....]
Gold:   87         SH:  0    Dex:  9    Spells: 3/3 levels left

rFire   . . .        (no weapon)
rCold   . . .        f - orb {guile}
rNeg    . . .        b - +0 animal skin
rPois   .            (helmet restricted)
rElec   .            (no cloak)
rCorr   .            (gloves unavailable)
SInv    .            (boots unavailable)
Will    .....        (no amulet)
Stlth   +            k - +6 ring of strength
HPRegen 2.07/turn    (no ring)
MPRegen 0.08/turn

%: no passive effects
@: about to teleport, strong-willed (expiring), held, regenerating (expiring)
A: large, unfitting armour, claws 3, regeneration 1, shaggy fur 1, tough skin 1
a: Renounce Religion, Berserk, Trog's Hand


You were on level 3 of the Dungeon.
You worshipped Trog.
Trog was pleased with you.
You visited 1 branch of the dungeon, and saw 3 of its levels.

You collected 87 gold pieces.

Inventory:

Hand Weapons
 a - a +0 falchion
 d - a +0 dagger
 j - a +0 short sword
 l - a +0 sling
 o - a -3 spear
 r - a +0 trident
Missiles
 g - 29 stones
 m - 4 curare-tipped darts (quivered)
 u - 6 boomerangs
Armour
 b - a +0 animal skin (worn)
 c - a +0 ring mail
 f - an orb of guile (worn)
 n - a +0 leather armour
 p - a +0 leather armour
 q - a +0 ring mail
 s - a +0 leather armour
Jewellery
 k - a +6 ring of strength (left claw)
Scrolls
 h - 3 scrolls of teleportation
 t - a scroll of brand weapon {unknown}
Potions
 e - a potion of attraction {unknown}
 i - a potion of ambrosia


   Skills:
 + Level 3.1 Fighting
 + Level 3.0 Long Blades
 + Level 3.0 Dodging


You had 3 spell levels left.
You didn't know any spells.
Your spell library was empty.

Dungeon Overview and Level Annotations

Branches:
Dungeon (3/15)

Altars:


Innate Abilities, Weirdness & Mutations

You are too large for most types of armour.
You have claws for hands.
Your natural rate of healing is unusually fast.
You are covered in fur. (AC +1)
You have tough skin. (AC +1)


Message History

You are too injured to fight recklessly!
The dart slug launches a dart at you.
The slug dart hits you but does no damage.
You fail to use your ability.
The goblin hits you with a +0 dagger.
A gnoll comes into view. It is wielding a +0 spear.
The gnoll barely misses you.
You completely miss the goblin. The goblin hits you but does no damage.
The gnoll hits you from afar with a +0 spear.
You claw the goblin!
You kill the goblin!
Trog accepts your kill.
You feel the effects of Trog's Hand fading.
The dart slug launches a dart at you.
The slug dart hits you but does no damage.
The gnoll misses you. The endoplasm misses you.
You scratch the dart slug.
The dart slug is almost dead.
The dart slug closely misses you. The gnoll barely misses you.
The endoplasm hits you but does no damage.
You claw the endoplasm!
You kill the endoplasm!
Trog accepts your kill. The dart slug misses you.
The gnoll closely misses you. x2
You scratch the dart slug.
You kill the dart slug!
Trog accepts your kill.
The gnoll hits you from afar with a +0 halberd!
* * * LOW HITPOINT WARNING * * *
The gnoll hits you from afar with a +0 spear.
* * * LOW HITPOINT WARNING * * *
You have reached level 4!
As you read the scroll of teleportation, it crumbles to dust.
You feel strangely unstable. The gnoll barely misses you.
The gnoll hits you from afar with a +0 spear.
* * * LOW HITPOINT WARNING * * *
The gnoll throws a throwing net.
The throwing net hits you.
You become entangled in the net!
You struggle against the net.
The gnoll hits you from afar with a +0 halberd!
You die...

..................†##.#
.................†.##.#
...................>#.##
##.########.........#...
...........########.###.
...........# #.....
.).........# #..###
..........)# #..#
.......@†..# #..#
.......))..# #..#
......ggg..# #..###
...........# #.....
....!........ #.####
.............. #.#
......#......... #..
......#......... #.##
######......... ...


You could see 3 gnolls.

Vanquished Creatures
  A gnoll (D:3)
  A worm (D:3)
  5 dart slugs
  An orc (D:3)
  4 bats
  6 endoplasms
  A giant cockroach (D:3)
  3 goblins
  2 hobgoblins (D:1)
  A jackal (D:1)
  6 kobolds
  2 quokkas
  5 ball pythons
  2 frilled lizards (D:1)
  2 rats (D:1)
42 creatures vanquished.

Notes
Turn   | Place    | Note
-------+----------+-------------------------------------------
     0 | D:1      | mangeymoose the Troll Berserker began the quest for the
                  | Orb.
     0 | D:1      | Reached XP level 1. HP: 22/22 MP: 0/0
    92 | D:1      | Reached XP level 2. HP: 25/29 MP: 1/1
   696 | D:1      | Reached XP level 3. HP: 35/36 MP: 2/2
  1300 | D:2      | Found a faded altar of an unknown god.
  1474 | D:3      | Reached ** piety under Trog
  1495 | D:3      | Reached XP level 4. HP: 8/45 MP: 3/3
  1496 | D:3      | Mangled by a gnoll

Illustrated notes

Levels and vault maps discovered:
D:1:      dpeg_arrival_more_subterranean_lakeside_camping, layout_basic,
          minmay_small_reverse_x
D:2:      layout_loops_ring, ebering_ecumenical_altar_rust,
          serial_bayou_crossing
D:3:      layout_basic, mainiacjoe_overflow_alcove_4, minmay_mini_jars

Skill      XL: |  1  2  3 |
---------------+----------+-----
Fighting       | 3 |  3.1
Dodging        | 3 |  3.0
Long Blades    | 3 |  3.0

Action                     |  1- 3 |  4- 6 || total
---------------------------+-------+-------++-------
  Melee: Falchion          |   121 |       ||   121
         Punch             |     1 |       ||     1
         Unarmed           |    22 |       ||    22
  Throw: Dart              |     1 |       ||     1
 Invoke: Berserk           |     4 |       ||     4
         Trog's Hand       |     1 |       ||     1
    Use: Scroll            |     5 |     1 ||     6
 Armour: Animal skin       |    56 |       ||    56
  Dodge: Dodged            |    86 |     1 ||    87
